 Dungeon Crawl Stone Soup version 0.29-a0-370-gb5314be063 (webtiles) character file.

Game seed: 6075367202299788335

1571 101zpm the Magician (level 9, -10/57 HPs)
             Began as a Djinni Fire Elementalist on May 2, 2022.
             Killed from afar by an orc wizard (11 damage)
             ... with a magic dart
             ... on level 6 of the Dungeon.
             The game lasted 00:11:32 (8010 turns).

101zpm the Magician (Djinni Fire Elementalist)      Turns: 8010, Time: 00:11:33

Health: -10/57     AC:  2    Str:  7    XL:     9   Next: 13%
Gold:   282        EV: 13    Int: 21    God:
                   SH:  0    Dex: 14

rFire   + + .      SeeInvis .   t - +6 mace of Lies {speed, rN+}
rCold   x . .      Faith    .   (no shield)
rNeg    + . .      Spirit   .   a - +0 robe
rPois   ∞          Reflect  .   (no helmet)
rElec   .          Harm     .   (no cloak)
rCorr   .          Rampage  .   (no gloves)
Will    .....                   (boots unavailable)
Stlth   ++........              (no amulet)
HPRegen 0.19/turn               (no ring)
MPRegen 0.00/turn               (no ring)

@: flying
A: sickness immunity, fire resistance 2, cold vulnerability 1, float, innate
caster, HP casting, extra vitality 1
a: no special abilities


You were on level 6 of the Dungeon.
You visited 1 branch of the dungeon, and saw 6 of its levels.

You collected 282 gold pieces.

Inventory:

Hand Weapons
 t - the +6 mace of Lies (weapon) {speed, rN+}
   (You found it on level 4 of the Dungeon)

   Attacks with this weapon are significantly faster.
   rN:        It protects you from negative energy.
 B - the +7 spear of Wisdom {pain, rElec rC- Dex+3}
   (You found it on level 4 of the Dungeon)

   In the hands of one skilled in necromantic magic, it inflicts extra damage on
   living creatures.
   Your inability to study Necromancy prevents you from drawing on the full
   power of this weapon.
   Dex:       It affects your dexterity (+3).
   rC:        It makes you vulnerable to cold.
   rElec:     It insulates you from electricity.
Armour
 a - a +0 robe (worn)
Jewellery
 z - an amulet of regeneration
Wands
 w - a wand of polymorph (9)
 y - a wand of paralysis (6)
Scrolls
 d - 2 scrolls of acquirement {unknown}
 g - a scroll of brand weapon {unknown}
 h - 2 scrolls of vulnerability {unknown}
 i - a scroll of fog {unknown}
 j - a scroll of holy word {unknown}
 m - a scroll of magic mapping {unknown}
 n - a scroll of blinking {unknown}
 o - a scroll of summoning {unknown}
 p - 3 scrolls of teleportation {unknown}
 u - 6 scrolls of identify {unknown}
 A - a scroll of silence {unknown}
 C - a scroll of immolation {unknown}
Potions
 b - 2 potions of haste {unknown}
 c - a potion of degeneration {unknown}
 e - a potion of heal wounds {unknown}
 f - a potion of brilliance {unknown}
 k - 2 potions of ambrosia {unknown}
 l - 4 potions of curing {unknown}
 q - a potion of flight {unknown}
 r - a potion of invisibility {unknown}
 s - a potion of mutation {unknown}
 v - a potion of might {unknown}
 x - a potion of lignification {unknown}


   Skills:
 + Level 1.2 Fighting
 + Level 1.6 Maces & Flails
 + Level 3.6 Dodging
 + Level 3.4 Stealth
 + Level 7.7 Spellcasting


You had one spell level left.
You knew the following spells:

 Your Spells              Type           Power      Damage    Failure   Level
a - Foxfire               Conj/Fire      100%       2x1d9     1%          1
b - Scorch                Fire           80%        2d9       1%          2
c - Conjure Flame         Conj/Fire      40%        6-21      1%          3
d - Inner Flame           Hex/Fire       40%        N/A       1%          3
e - Flame Wave            Conj/Fire      40%        2d9       3%          4
f - Freeze                Ice            100%       1d11      1%          1
g - Wereblood             Tmut           40%        N/A       1%          2
h - Poisonous Vapours     Pois/Air       80%        N/A       1%          2
i - Petrify               Tmut/Erth      40%        N/A       3%          4
Your spell library was empty.

Dungeon Overview and Level Annotations

Branches:
Dungeon (6/15)
 Temple: D:4-7

Altars:
Zin

Shops:
D:3 (   D:4 *


Innate Abilities, Weirdness & Mutations

You are immune to sickness and miasma.
You are immune to poison.
Your flesh is very heat resistant. (rF++)
You are vulnerable to cold. (rC-)
You float through the air rather than walking.
You learn spells naturally, not from books.
Your magical power is your life essence.
You have superior vitality. (+4 MHP)


Message History

The gnoll barely misses you. The gnoll sergeant closely misses you.
The foxfire hits the gnoll sergeant but does no damage.
The gnoll sergeant is severely wounded.
The foxfire hits the gnoll sergeant!
The gnoll sergeant explodes!
The fiery explosion engulfs the gnoll!!!
The gnoll is burned terribly!
You kill the gnoll!
A gnoll comes into view. It is wielding a +0 flail.
You hear a shout!
Casting: Foxfire (safe; 1% risk of failure)
Press: ? - help, Q - select action, (/) - cycle Dir - look around, f - activate You conjure some foxfire!
* * * LOW HITPOINT WARNING * * *
Casting: Foxfire (safe; 1% risk of failure)
Confirm with . or Enter, or press ? or * to list all spells.
Aiming: Inner Flame (safe; 1% risk of failure)
Press: ? - help, Dir - move target, f - orc wizard
Aim: an orc wizard, wielding a +0 dagger and wearing a +0 robe (ally target, chance to affect: 89%)
The orc wizard barely resists.
* * * LOW HITPOINT WARNING * * *
The foxfire hits the orc wizard.
The orc wizard is moderately wounded.
The foxfire hits the orc wizard but does no damage.
The orc wizard is moderately wounded.
Casting: Inner Flame (safe; 1% risk of failure)
Confirm with . or Enter, or press ? or * to list all spells.
Aiming: Inner Flame (safe; 1% risk of failure)
Press: ? - help, Dir - move target, f/p - orc wizard
Aim: an orc wizard, wielding a +0 dagger and wearing a +0 robe (moderately wounded, chance to affect: 89%)
The orc wizard is filled with an inner flame.
* * * LOW HITPOINT WARNING * * *
The gnoll throws a throwing net.
The throwing net closely misses you.
Casting: Foxfire (safe; 1% risk of failure)
Press: ? - help, Q - select action, (/) - cycle Dir - look around, f - activate You conjure some foxfire!
* * * LOW HITPOINT WARNING * * *
The orc wizard gestures at you while chanting.
The magic dart hits you!
You die...

...... #....#...#...........
....<#.####....#...#...........
...............+...:.z.z..>#.
.......##.#....#...g§§§#.......
...)..# #.#....##..o§§§#g......
#.##..# #.#......o..☼§.#..)....
#.....# #.#............#....o..
.##...###.#....v.......#g.z....
.##...^...#....v@#######.....o.
..........#....(.# .zg...o
.....#....'......#
#.####....#.....## #..#
#.#..#.....# ##.#
#....#.....### #.#
###..........#
#.###.'..........#
#.....#..........#


You could see 2 wights, an orc wizard (inner flame, ally target), a gnoll and an
orc.

Vanquished Creatures
  3 yaks (D:5)
  Pargi (D:3)
  An ogre (D:6)
  A necrophage (D:5)
  A gnoll sergeant (D:6)
  3 scorpions
  A wight (D:6)
  A howler monkey (D:5)
  7 hounds
  An orc priest (D:6)
  Natasha (twice) (D:3)
  6 iguanas
  A gnoll (D:6)
  4 adders
  A shadow imp (D:5)
  A white imp (D:5)
  2 worms
  3 dart slugs
  4 orcs
  6 ball pythons
  4 endoplasms (D:4)
  3 giant cockroaches
  5 goblins
  6 hobgoblins
  6 jackals
  2 quokkas
  8 bats
  3 frilled lizards
  10 kobolds
  2 rats (D:3)
99 creatures vanquished.

Vanquished Creatures (collateral kills)
  35 foxfires
35 creatures vanquished.

Vanquished Creatures (others)
  525 foxfires
  3 fungi (D:2)
  15 plants
543 creatures vanquished.

Grand Total: 677 creatures vanquished

Notes
Turn   | Place    | Note
-------+----------+-------------------------------------------
     0 | D:1      | 101zpm the Djinni Fire Elementalist began the quest for the
                  | Orb.
     0 | D:1      | Reached XP level 1. HP: 15/15 MP: 0/0
   274 | D:1      | Reached XP level 2. HP: 17/21 MP: 0/0
   544 | D:1      | You are sucked into a shaft and drop 1 floor!
   944 | D:2      | Reached skill level 3 in Spellcasting
  1343 | D:2      | Reached XP level 3. HP: 13/25 MP: 0/0
  1343 | D:2      | Learned a level 1 spell: Freeze
  2068 | D:2      | Reached XP level 4. HP: 27/31 MP: 0/0
  2262 | D:2      | Found a faded altar of an unknown god.
  3404 | D:3      | Noticed Natasha
  3408 | D:3      | Killed Natasha
  3409 | D:3      | Reached XP level 5. HP: 30/35 MP: 0/0
  3409 | D:3      | Learned a level 2 spell: Wereblood
  3598 | D:3      | Found Qotommom's Weapon Shoppe.
  3727 | D:3      | Noticed Pargi
  3731 | D:3      | Killed Pargi
  3732 | D:3      | Reached skill level 4 in Spellcasting
  3732 | D:3      | Reached XP level 6. HP: 28/40 MP: 0/0
  3913 | D:3      | Noticed Natasha
  3919 | D:3      | Killed Natasha
  4110 | D:4      | Reached skill level 5 in Spellcasting
  4182 | D:4      | Identified the +6 mace of Lies {speed, rN+}
  4721 | D:4      | Identified the +7 spear of Wisdom {pain, rElec rC- Dex+3}
  4895 | D:5      | Entered Level 5 of the Dungeon
  4910 | D:5      | Reached XP level 7. HP: 25/46 MP: 0/0
  4910 | D:5      | Learned a level 2 spell: Poisonous Vapours
  5408 | D:5      | Reached skill level 1 in Maces & Flails
  5776 | D:5      | Reached skill level 1 in Fighting
  5934 | D:5      | Reached XP level 8. HP: 20/52 MP: 0/0
  6061 | D:5      | Reached skill level 6 in Spellcasting
  6263 | D:5      | Noticed a yak
  6268 | D:5      | Killed a yak
  6270 | D:5      | Noticed a yak
  6273 | D:5      | Noticed a yak
  6275 | D:5      | Killed a yak
  6278 | D:5      | Killed a yak
  6279 | D:5      | Reached skill level 7 in Spellcasting
  6938 | D:5      | Found a glowing silver altar of Zin.
  7320 | D:4      | Found Xogettae's Assorted Antiques.
  7715 | D:6      | Reached XP level 9. HP: 52/57 MP: 0/0
  7715 | D:6      | Learned a level 4 spell: Petrify
  8010 | D:6      | Killed from afar by an orc wizard

Illustrated notes

Levels and vault maps discovered:
D:1:      minmay_arrival_wavy_path, layout_rooms
D:2:      layout_basic, shapermc_ecumenical_altar_mp_ritualfount,
          minmay_split_cup_small
D:3:      layout_basic, serial_shops, shop, minmay_box_of_dots, uniq_pargi,
          uniq_natasha
D:4:      kennysheep_six_static_rooms, layout_rooms, serial_shops, shop
D:5:      layout_loops_ring, zin_statuary, serial_bayou, serial_bayou_pond_a,
          serial_bayou_lake_a, serial_bayou_ford_a, serial_bayou_crossing,
          minmay_quadrilaterals
D:6:      layout_basic, nemelex_spade_bored_becter, jmf_multi_god_temple,
          cheibrodos_sewer_entry_sluice, due_unseen_surprise

Skill      XL: |  1  2  3  4  5  6  7  8 |
---------------+-------------------------+-----
Spellcasting   | 3 4 5 7 |  7.7
Stealth        | 2 3 |  3.4
Maces & Flails | 1 |  1.6
Fighting       | 1 |  1.2
Dodging        | 3 |  3.6

Action                   |  1- 3 |  4- 6 |  7- 9 || total
-------------------------+-------+-------+-------++-------
Melee: Unarmed           |     1 |       |       ||     1
       Mace              |       |    21 |       ||    21
 Cast: Foxfire           |   108 |   127 |   107 ||   342
       Scorch            |     6 |     8 |    11 ||    25
       Inner Flame       |       |     2 |    34 ||    36
       Wereblood         |       |     1 |       ||     1
 Stab: Sleeping          |       |     2 |       ||     2
Armor: Robe              |       |     9 |     3 ||    12
Dodge: Dodged            |     5 |    25 |     5 ||    35

Table legend: (Time is in decaauts)
 A = Elapsed time spent in this place.
 B = Non-inter-level travel time spent in this place.
 C = Inter-level travel time spent in this place.
 D = Time resting spent in this place.
 E = Time spent auto-exploring this place.
 F = Levels seen in this place.
 G = Mean time per level.
                   A        B        C        D        E       F      G
               +--------+--------+--------+--------+--------+-----+--------+
         Total |   8010 |   7813 |    197 |    195 |   6960 |   6 | 1335.0 |
       Dungeon |   8010 |   7813 |    197 |    195 |   6960 |   6 | 1335.0 |
               +--------+--------+--------+--------+--------+-----+--------+

Top non-repeatable levels by time:
     D:5: 2329 daAuts
     D:2: 2158 daAuts
     D:3: 1367 daAuts
     D:4: 1311 daAuts
     D:1: 544 daAuts
     D:6: 298 daAuts
